AoeStats
← danjo

Scandinavia

510487281Analyzed
1v1 RM · 2d ago on Oct 1, 2026· 41m 53s· 2 players
Game mode
Random Map
Map size
Tiny (2 player)
Population
200
Speed
Normal
Resources
Standard
Victory
Conquest
Starting age
Dark Age
Ending age
Imperial Age
RankedLock teamsTeams togetherTeam positionsShared explorationLock speedFull tech treeHidden civsTurbo modeCheats
Victory
Defeat
🇮🇪 Persians · Ireland
1169
+14
🇩🇪 Malians · Germany
1131
-14
Moliere.la.hyene
8:08 Loom
11:27 Feudal Age
13:46 Double-Bit Axe
16:21 Castle Age
15:25 Forging
16:02 Scale Barding Armor
20:23 Husbandry
24:48 Fletching
26:54 Bloodlines
27:25 Bodkin Arrow
29:20 Chain Barding Armor
34:52 Wheelbarrow
38:07 Imperial Age
35:06 Demolition Ship
37:42 Iron Casting
39:23 Chemistry
39:01 Plate Barding Armor
38:20 Heavy Camel Rider
39:18 Capped Ram
danjo
11:20 Feudal Age
13:03 Loom
16:13 Castle Age
14:03 Double-Bit Axe
15:31 Scale Barding Armor
15:37 Forging
16:32 Stone Mining
18:34 Fishing Lines
28:21 Pikeman
29:06 Scale Mail Armor
31:20 Chain Mail Armor
31:37 Medium Warships
34:22 Iron Casting
38:16 Imperial Age
36:20 Sanctity
37:04 Fletching
38:27 Bodkin Arrow
39:52 Plate Mail Armor
Connection lost

Rejoining the realm…

Still unreachable

The connection could not be restored.

Session expired

The server has moved on; the page needs a fresh start.